 Dungeon Crawl Stone Soup version 0.31-a0-1010-g5322dac6a2 (webtiles) character file.

Game seed: 14215805740768895342

161 kae the Changeling (level 4, -11/36 HPs)
             Began as a Demigod Shapeshifter on Nov 16, 2023.
             Killed by divine providence
             ... invoked by an orc priest
              (15 damage)
             ... on level 6 of the Dungeon.
             The game lasted 00:01:07 (1778 turns).

kae the Changeling (Demigod Shapeshifter)           Turns: 1778, Time: 00:01:07

Health: -11/36     AC:  2    Str: 15    XL:     4   Next: 98%
Magic:  6/6        EV: 13    Int: 12    God:
Gold:   118        SH:  0    Dex: 17    Spells: 3/3 levels left

rFire   . .          .
                       - Unarmed
rCold   . . .        (no shield)
rNeg    . . .        a - +0 animal skin
rPois   .            (helmet currently unavailable)
rElec   .            (cloak currently unavailable)
rCorr   .            (gloves currently unavailable)
SInv    .            (boots currently unavailable)
Will    .....        (no amulet)
Stlth   ++           L - ring of flight
HPRegen 0.26/turn    (no ring)
MPRegen 0.10/turn

%: no passive effects
@: beast-form, flying
A: beast (slay +2), high MP 1, forlorn, divine attributes
a: Begin Untransformation


You were on level 6 of the Dungeon.
You were a hulking beast.
You visited 1 branch of the dungeon, and saw 4 of its levels.

You collected 118 gold pieces.


Innate Abilities, Weirdness & Mutations

You are a hulking beast.
Your limbs bulge with bestial killing power. (Slay +2)
You have an increased reservoir of magic. (+10% MP)
You shall have no god before yourself.
Your divine heritage dramatically boosts your attributes as you level up.


   Skills:
 + Level 2.0 Fighting
 + Level 2.7 Dodging
 + Level 3.4 Unarmed Combat
 * Level 3.7 Shapeshifting


You had 3 spell levels left.
You didn't know any spells.
Your spell library contained the following spells:

 Spells                   Type           Power      Damage    Failure   Level
 Sublimation of Blood     Necr           0%         N/A       45%         2
 Petrify                  Tmut/Erth      0%         N/A       97%         4
 Irradiate                Conj/Tmut      0%         3d11      100%        5

Inventory:

Missiles
 e - 32 stones
 l - 10 poisoned darts
 m - 5 boomerangs
Armour
 a - a +0 animal skin (worn)
Jewellery
 C - a ring of ice
   (You found it on level 2 of the Dungeon)
 L - a ring of flight (left hand)
   (You found it on level 1 of the Dungeon)
Talismans
 c - a beast talisman
 d - a flux talisman
Scrolls
 r - a scroll of noise {!r}
Potions
 b - a potion of lignification {!q}
 h - a potion of curing {unknown}
 i - a potion of heal wounds {unknown}
 j - 2 potions of enlightenment {unknown}
 k - a potion of might
 o - a potion of magic {unknown}
 q - a potion of degeneration {unknown}

Dungeon Overview and Level Annotations

Branches:
Dungeon (6/15) Zot: 22230
 Temple: D:4-7

Annotations:
D:2 Sigmund

#.# #o# #.# #)#
#)# #.# #.#
##.## # ##h..##
#.##.#.#.##
..........###..
#...............
#.###.#..####...
#. ##.#.# . #
#....# #.####
#.#


You could see an orc priest.


Message History

An orc comes into view. It is wielding a +0 club.
You see here a +0 dagger.
The orc shouts!
You hit the orc.
You hear a shout! x2
The orc hits you with a +0 whip.
You hear a shout!
You hit the orc.
You kill the orc! 😕 HP[-3]
You take 3 damage, and now have 33/36 hp.
You hit the jelly.
Your hands burn!
The jelly closely misses you.
You hit the jelly.
Your hands burn!
The jelly misses you. 😮 HP[-6]
You take 6 damage, and now have 27/36 hp.
You hit the jelly.
Your hands burn!
The jelly hits you but does no damage.
You are too injured to fight recklessly! 😮 HP[-2]
You take 2 damage, and now have 25/36 hp.
Unknown command.
You are too injured to fight recklessly!
You are too injured to fight recklessly!
You hit the jelly.
You kill the jelly!
You are too injured to fight recklessly!
You are too injured to fight recklessly!
You hit the sleepcap. The sleepcap releases spores at you.
You are engulfed in a cloud of soporific spores!
You fall asleep.
The sleepcap releases spores at you but does no damage.
The sleepcap releases spores at you.
You wake up. 😮 HP[-5]
You take 5 damage, and now have 20/36 hp.
You hit the sleepcap.
You hear the slow hiss of a very distant avalanche of sand.
The sleepcap barely misses you.
You hit the sleepcap but do no damage. The sleepcap misses you. 😮 HP[+1]
You hit the sleepcap but do no damage.
Unknown command.
You hit the sleepcap. The sleepcap releases spores at you.
* * * LOW HITPOINT WARNING * * *
😨 HP[-5]
You take 5 damage, and now have 16/36 hp.
Unknown command.
You hit the sleepcap. The sleepcap barely misses you.
Unknown command.
You hit the sleepcap. The sleepcap misses you. 😨 HP[+1]
You hit the sleepcap. The sleepcap completely misses you.
Unknown command.
You hit the sleepcap.
You punch the sleepcap, but do no damage.
The sleepcap releases spores at you.
* * * LOW HITPOINT WARNING * * *
You are engulfed in a cloud of soporific spores!
You fall asleep.
The sleepcap completely misses you. The sleepcap releases spores at you!
You wake up.
* * * LOW HITPOINT WARNING * * *
You are engulfed in a cloud of soporific spores!
You are unaffected. 😱 HP[-12]
You take 12 damage, and now have 5/36 hp.
MASSIVE DAMAGE!! (PAUSE)
You hit the sleepcap but do no damage. The sleepcap releases spores at you.
* * * LOW HITPOINT WARNING * * *
😱 HP[-1]
You take 1 damage, and now have 4/36 hp.
You hit the sleepcap. The sleepcap closely misses you.
Unknown command.
You hit the sleepcap. The sleepcap barely misses you.
You hit the sleepcap.
You destroy the sleepcap!
Your Fighting skill increases to level 2! 😱 HP[+1]
Okay, then.
You hit the orc. The orc closely misses you.
Unknown command.
You closely miss the orc. The orc closely misses you.
You hit the orc but do no damage. The orc hits you with a +0 club.
* * * LOW HITPOINT WARNING * * *
😱 HP[-1]
You take 1 damage, and now have 4/36 hp.
You barely miss the orc.
An orc priest comes into view. It is wielding a +0 club.
The orc hits you with a +0 club.
* * * LOW HITPOINT WARNING * * *
😱 HP[-1]
You take 1 damage, and now have 3/36 hp.
The orc priest shouts!
You hit the orc.
You kill the orc!
Unknown command.
Okay, then.
Okay, then. 😱 HP[+1]
The orc priest invokes the aid of Beogh against you.
Beogh smites you!
You die...

Skill      XL: |  1  2  3  4 |
---------------+-------------+-----
Fighting       | 1 2 |  2.0
Dodging        | 2 |  2.7
Unarmed Combat | 3 |  3.4
Shapeshifting  | 3 |  3.7

Action                     |  1- 3 |  4- 6 || total
---------------------------+-------+-------++-------
  Melee: Unarmed           |    92 |    52 ||   144
         Punch             |     4 |     2 ||     6
    Use: Scroll            |       |     6 ||     6
   Stab: Sleeping          |     1 |       ||     1
 Armour: Animal skin       |    39 |    20 ||    59
  Dodge: Dodged            |    46 |    30 ||    76

Levels and vault maps discovered:
D:1:      wander_arrival_desolate, layout_rooms
D:2:      minmay_inner_zag, layout_basic, uniq_sigmund
D:3:      layout_basic, shapermc_ecumenical_altar_ellora, moated_statue
D:6:      nicolae_whirlpool, layout_loops_ring, gup_ossuary_entry_pyramid,
          minmay_fountain_box

Notes
Turn   | Place    | Note
-------+----------+-------------------------------------------
     0 | D:1      | kae the Demigod Shapeshifter began the quest for the Orb.
     0 | D:1      | Reached XP level 1. HP: 15/15 MP: 3/3
     0 | D:1      | magus.rc [v1.11.3]
    53 | D:1      | You pick up a book of Alchemy and begin reading...
    53 | D:1      | You add the spells Sublimation of Blood, Petrify and
                  | Irradiate to your library.
   119 | D:1      | Reached skill level 1 in Fighting
   225 | D:1      | Reached XP level 2. HP: 23/23 MP: 4/4
   230 | D:1      | Reached skill level 2 in Dodging
   490 | D:2      | Reached skill level 3 in Unarmed Combat
   502 | D:2      | Reached skill level 3 in Shapeshifting
   550 | D:2      | HP: 5/23 [poisoned by an adder]
   704 | D:2      | HP: 3/23 [sleepcap (11)]
   708 | D:2      | Reached XP level 3. HP: 4/28 MP: 5/5
   918 | D:2      | Reached XP level 4. HP: 10/36 MP: 6/6
   918 | D:2      | HP: 9/36 [dart slug (1)]
  1190 | D:2      | Noticed Sigmund
  1705 | D:3      | You are sucked into a shaft and drop 3 floors!
  1705 | D:4      | Identified the "Kiurerux"
  1765 | D:6      | HP: 5/36 [sleepcap (11)]
  1770 | D:6      | Reached skill level 2 in Fighting
  1772 | D:6      | HP: 4/36 [orc/+0 club (1)]
  1778 | D:6      | Killed from afar by an orc priest

Vanquished Creatures
  A jelly (D:6)
  2 sleepcaps
  3 adders (D:2)
  A worm (D:2)
  A dart slug (D:2)
  4 orcs
  4 endoplasms
  3 giant cockroaches
  8 goblins
  2 hobgoblins (D:2)
  2 jackals (D:1)
  2 quokkas
  4 ball pythons
  A frilled lizard (D:2)
  4 kobolds (D:2)
42 creatures vanquished.

Table legend:
 A = Non-vault XP
 B = Vault XP
 C = Vault XP percentage of total XP
 D = Non-vault monster count
 E = Vault monster count
 F = Vault count percentage of total count
                 A         B        C        D         E       F
            +---------+---------+-------+---------+---------+-------
      Total |     224 |       7 |   3.0 |      37 |       5 |  11.9
            +---------+---------+-------+---------+---------+-------
        D:1 |      18 |       0 |   0.0 |      10 |       0 |   0.0
        D:2 |     116 |       7 |   5.7 |      21 |       5 |  19.2
        D:3 |       3 |       0 |   0.0 |       1 |       0 |   0.0
        D:6 |      87 |       0 |   0.0 |       5 |       0 |   0.0
            +---------+---------+-------+---------+---------+-------

Skill      XL: |  1  2  3  4 |
---------------+-------------+-----
Fighting       | 1 2 |  2.0
Dodging        | 2 |  2.7
Unarmed Combat | 3 |  3.4
Shapeshifting  | 3 |  3.7

Action                     |  1- 3 |  4- 6 || total
---------------------------+-------+-------++-------
  Melee: Unarmed           |    92 |    52 ||   144
         Punch             |     4 |     2 ||     6
    Use: Scroll            |       |     6 ||     6
   Stab: Sleeping          |     1 |       ||     1
 Armour: Animal skin       |    39 |    20 ||    59
  Dodge: Dodged            |    46 |    30 ||    76

Illustrated notes

Table legend:
 A = Kills in this place as a percentage of kills in the entire game.
 B = Kills by you in this place as a percentage of kills by you in the entire game.
 C = Kills by friends in this place as a percentage of kills by friends in the entire game.
 D = Other kills in this place as a percentage of other kills in the entire game.
 E = Experience gained in this place as a percentage of experience gained in the entire game.
 F = Experience gained in this place divided by the number of levels of this place that you have seen.
                   A       B       C       D       E      F
               +-------+-------+-------+-------+-------+----------------------
         Total | 100.0 | 100.0 |   N/A |   N/A | 100.0 |  57.8
       Dungeon | 100.0 | 100.0 |   N/A |   N/A | 100.0 |  57.8
               +-------+-------+-------+-------+-------+----------------------

Table legend: (Time is in decaauts)
 A = Elapsed time spent in this place.
 B = Non-inter-level travel time spent in this place.
 C = Inter-level travel time spent in this place.
 D = Time resting spent in this place.
 E = Time spent auto-exploring this place.
 F = Levels seen in this place.
 G = Mean time per level.
                   A        B        C        D        E       F      G
               +--------+--------+--------+--------+--------+-----+--------+
         Total |   1768 |   1731 |     37 |     25 |   1420 |   4 |  442.0 |
       Dungeon |   1768 |   1731 |     37 |     25 |   1420 |   4 |  442.0 |
               +--------+--------+--------+--------+--------+-----+--------+

Top non-repeatable levels by time:
     D:2: 1173 daAuts
     D:1: 408 daAuts
     D:3: 114 daAuts
     D:6: 71 daAuts
